 Dungeon Crawl Stone Soup version 0.24.0-1-gfbc8707122 (webtiles) character file.

Game seed: 12054020331119948580, levelgen mode: classic

44 EnegeticOcto the Shield-Bearer (level 3, -3/33 HPs)
             Began as a Minotaur Fighter on Oct 27, 2019.
             Slain by a gnoll
             ... wielding a +0 halberd
              (6 damage)
             ... on level 2 of the Dungeon.
             The game lasted 00:00:33 (946 turns).

EnegeticOcto the Shield-Bearer (Minotaur Fighter)    Turns: 946, Time: 00:00:33

Health: -3/33      AC:  7    Str: 21    XL:     3   Next: 41%
Magic:  2/2        EV:  8    Int:  5    God:
Gold:   38         SH:  9    Dex:  9    Spells: 2/2 levels left

rFire    . . .     SeeInvis .   a - +0 war axe
rCold    . . .     Gourm    .   c - +0 shield
rNeg     + . .     Faith    .   b - +0 scale mail
rPois    .         Spirit   .   (helmet restricted)
rElec    .         Reflect  .   (no cloak)
rCorr    .         Harm     .   (no gloves)
MR       .....                  (no boots)
Stlth    ..........             (no amulet)
HPRegen  0.11/turn              n - ring of positive energy
MPRegen  0.08/turn              (no ring)

@: no status effects
A: retaliatory headbutt, horns 2
a: no special abilities


You were on level 2 of the Dungeon.
You were not hungry.

You visited 1 branch of the dungeon, and saw 2 of its levels.

You collected 38 gold pieces.

Inventory:

Hand Weapons
 a - a +0 war axe (weapon)
Armour
 b - a +0 scale mail (worn)
 c - a +0 shield (worn)
Jewellery
 n - a ring of positive energy (left hand)
Scrolls
 g - a scroll of amnesia {unknown}
 h - a scroll of teleportation {unknown}
 i - 3 scrolls of identify {unknown}
 j - a scroll of enchant armour {unknown}
 l - a scroll of magic mapping {unknown}
 m - a scroll of fear {unknown}
Potions
 d - a potion of might {@q3 !q}
 k - a potion of lignification {unknown}
Comestibles
 e - 2 rations
 f - 4 chunks of flesh


   Skills:
 + Level 4.0 Fighting
 * Level 3.4 Axes
 + Level 3.9 Armour
 + Level 1.0 Dodging
 + Level 4.0 Shields


You had 2 spell levels left.
You didn't know any spells.
Your spell library was empty.

Dungeon Overview and Level Annotations

Branches:
Dungeon (2/15)

Altars:


Innate Abilities, Weirdness & Mutations

You reflexively headbutt those who attack you in melee.
You have a pair of horns on your head.


Message History

A rat is nearby!
Found 4 gold pieces.
The rat bites you but does no damage.
You closely miss the rat. You headbutt the rat.
You kill the rat!
Some of the chunks of flesh in your inventory have rotted away.
No target in view!
No target in view!
No target in view!
n - a moonstone ring You butcher the rat corpse.
f - 7 chunks of flesh (gained 1)
You see here a rat skeleton. x2
There is a stone staircase leading up here.
You now have 38 gold pieces (gained 4).
Found a whip.
n - a ring of positive energy (left hand) No target in view!
You see here a whip.
Found a stone staircase leading down.
There is a stone staircase leading down here.
A bat comes into view.
A bat is nearby!
A bat is nearby!
The bat hits you but does no damage.
Your shield prevents you from hitting the bat.
You headbutt the bat.
You kill the bat!
No target in view!
No target in view!
No target in view!
You butcher the bat corpse.
f - 8 chunks of flesh (gained 1)
You see here a bat skeleton. x2
Some of the chunks of flesh in your inventory have rotted away.
A giant cockroach comes into view.
A giant cockroach is nearby!
A giant cockroach is nearby!
Found a ration and a scroll labeled MASHRE FOUFOOMM.
The giant cockroach bites you but does no damage.
You block the giant cockroach's attack.
You hit the giant cockroach but do no damage.
The giant cockroach barely misses you.
You hit the giant cockroach.
The giant cockroach is severely wounded.
The giant cockroach bites you but does no damage.
You block the giant cockroach's attack.
You closely miss the giant cockroach.
The giant cockroach is severely wounded.
You block the giant cockroach's attack. The giant cockroach barely misses you.
Your shield and scale mail prevent you from hitting the giant cockroach.
Your headbutt misses the giant cockroach.
The giant cockroach is severely wounded.
The giant cockroach bites you but does no damage.
The giant cockroach barely misses you.
You slash the giant cockroach!
You kill the giant cockroach!
Your Dodging skill increases to level 1!
You butcher the giant cockroach corpse.
f - 6 chunks of flesh (gained 1)
e - 2 rations (gained 1)
i - 3 scrolls labeled MASHRE FOUFOOMM (gained 1)
Found a stone staircase leading up.
There is a stone staircase leading up here.
You see here a dagger.
Some of the chunks of flesh in your inventory have rotted away.
A gnoll comes into view. It is wielding a +0 spear.
The gnoll shouts!
You hear a shout!
A gnoll comes into view. It is wielding a +0 halberd.
A gnoll comes into view. It is wielding a -1 spear.
The gnoll shouts!
Found a club.
There are monsters nearby!
The gnoll barely misses you. You block the gnoll's attack.
You barely miss the gnoll. You hit the gnoll. You block the gnoll's attack.
The gnoll barely misses you. You block the gnoll's attack.
You hit the gnoll.
The gnoll is almost dead.
You hit the gnoll. The gnoll hits you with a +0 spear.
The gnoll hits you from afar with a +0 halberd!
The gnoll closely misses you. You block the gnoll's attack.
You hit the gnoll.
You kill the gnoll!
Your Fighting skill increases to level 4!
You barely miss the gnoll. You block the gnoll's attack.
The gnoll hits you with a +0 spear.
You hit the gnoll.
The gnoll is moderately wounded.
You block the gnoll's attack. The gnoll closely misses you.
The gnoll hits you from afar with a +0 halberd.
You block the gnoll's attack.
You hit the gnoll.
The gnoll is moderately wounded.
The gnoll hits you with a +0 spear.
The gnoll hits you from afar with a +0 halberd!
* * * LOW HITPOINT WARNING * * *
You are too injured to fight recklessly!
You are too injured to fight recklessly!
The gnoll closely misses you. The gnoll hits you with a +0 halberd.
You die...

#..........## #..##
#...........###...###
#...........##.......
###########..........
##.....##............
##................รท...
#.....................
#....g..........<.....
#....@)...............
#...g.................
#................####.
#................###..
##..............##....
##)....##.....###.##.
############.....##.
###...####### #...###


You could see 2 gnolls.

Vanquished Creatures
  A gnoll (D:2)
  An ooze (D:2)
  A worm (D:2)
  A dart slug (D:1)
  A leopard gecko (D:1)
  A giant cockroach (D:2)
  3 goblins
  3 hobgoblins (D:1)
  3 bats
  2 frilled lizards
  4 kobolds (D:1)
  5 rats
26 creatures vanquished.

Notes
Turn   | Place    | Note
-------+----------+-------------------------------------------
     0 | D:1      | EnegeticOcto the Minotaur Fighter began the quest for the
                  | Orb.
     0 | D:1      | Reached XP level 1. HP: 19/19 MP: 0/0
   181 | D:1      | Reached XP level 2. HP: 27/27 MP: 1/1
   768 | D:2      | Reached XP level 3. HP: 32/33 MP: 2/2
   849 | D:2      | Reached skill level 1 in Dodging
   946 | D:2      | Slain by a gnoll

Levels and vault maps discovered:
D:1:      tarquinn_simple_flora_water_d, layout_basic
D:2:      layout_rooms

Skill      XL: |  1  2  3 |
---------------+----------+-----
Axes           | 3 |  3.4
Shields        | 4 |  4.0
Dodging        | 1 |  1.0
Fighting       | 4 |  4.0
Armour         | |  3.9

Action                   || total
-------------------------++-------
Melee: War axe           ||    58
       Headbutt          ||     7
Armor: Scale mail        ||    24
Dodge: Dodged            ||    28
Block: Shield            ||    34
